 Dungeon Crawl Stone Soup version 0.30-a0-305-g026cb31310 (webtiles) character file.

Game seed: 2422541934656180850

1463 pokeman the Thaumaturge (level 8, -4/44 HPs)
             Began as a Deep Elf Hedge Wizard on Oct 21, 2022.
             Was a Follower of Vehumet.
             Killed from afar by a white imp (9 damage)
             ... with a puff of frost
             ... on level 6 of the Dungeon.
             The game lasted 00:11:51 (5278 turns).

pokeman the Thaumaturge (Deep Elf Hedge Wizard)     Turns: 5278, Time: 00:11:52

Health: -4/44      AC:  8    Str:  7    XL:     8   Next: 48%
Magic:  15/24      EV: 13    Int: 22    God:    Vehumet [*.....]
Gold:   300        SH:  0    Dex: 20    Spells: 18/27 levels left

rFire   . . .      SeeInvis .    l - +1 scythe (protect)
rCold   . . .      Faith    .    (shield currently unavailable)
rNeg    . . .      Spirit   .    E - +0 leather armour
rPois   .          Reflect  .    c - +0 hat
rElec   .          Harm     .    (no cloak)
rCorr   .          Rampage  .    y - +0 pair of gloves
Will    .....                    (no boots)
Stlth   ++........               o - amulet of magic regeneration
HPRegen 0.27/turn                t - +6 ring of dexterity
MPRegen 0.59/turn                D - +4 ring of protection

@: no status effects
A: no striking features
a: Renounce Religion


You were on level 6 of the Dungeon.
You worshipped Vehumet.
Vehumet was aware of your devotion.
You visited 2 branches of the dungeon, and saw 7 of its levels.

You collected 300 gold pieces.

Inventory:

Hand Weapons
 l - a +1 scythe of protection (weapon)
Armour
 c - a +0 hat (worn)
 k - the +5 ring mail "Mupuac" {Dex+3}
   (You took it off a goblin on level 2 of the Dungeon)

   Dex:       It affects your dexterity (+3).
 y - a +0 pair of gloves (worn)
 E - a +0 leather armour (worn)
Jewellery
 o - an amulet of magic regeneration (around neck)
 t - a +6 ring of dexterity (left hand)
 w - an amulet of guardian spirit
 B - a ring of see invisible
 D - a +4 ring of protection (right hand)
 F - a ring of positive energy
 H - a ring of wizardry
Wands
 r - a wand of flame (41)
Scrolls
 e - 4 scrolls of teleportation {unknown}
 f - a scroll of immolation {unknown}
 g - 4 scrolls of identify {unknown}
 m - 4 scrolls of vulnerability {unknown}
 p - 2 scrolls of amnesia {unknown}
 s - 3 scrolls of blinking {unknown}
 u - a scroll of magic mapping {unknown}
 x - 3 scrolls of enchant weapon {unknown}
 z - a scroll of silence {unknown}
 C - a scroll of fear {unknown}
Potions
 a - a potion of degeneration {unknown}
 b - a potion of cancellation {unknown}
 d - a potion of magic
 h - 3 potions of brilliance {unknown}
 i - 3 potions of might {unknown}
 j - 3 potions of mutation {unknown}
 n - a potion of flight {unknown}
 q - 3 potions of heal wounds {unknown}
 v - a potion of haste {unknown}
 A - a potion of curing {unknown}
 G - a potion of attraction {unknown}


   Skills:
 + Level 2.1 Fighting
 - Level 3.0 Armour
 - Level 3.3 Dodging
 - Level 3.0 Stealth
 * Level 10.3 Spellcasting
 + Level 5.5 Conjurations
 - Level 1.1 Summonings
 - Level 1.1 Translocations
 - Level 1.0 Air Magic
 - Level 1.0 Poison Magic
 - Level 1.0 Evocations


You had 18 spell levels left.
You knew the following spells:

 Your Spells              Type           Power      Damage    Failure   Level
a - Magic Dart            Conj           100%       1d8       1%          1
b - Mephitic Cloud        Conj/Pois/Air  22%        N/A       9%          3
c - Call Imp              Summ           16%        N/A       9%          2
d - Blink                 Tloc           32%        N/A       9%          2
e - Foxfire               Conj/Fire      92%        2x1d8     2%          1

Your spell library contained the following spells:

 Spells                   Type           Power      Damage    Failure   Level
 Beastly Appendage        Tmut           22%        N/A       9%          1
 Slow                     Hex            44%        N/A       9%          1
 Cigotuvi's Dreadful Rot  Necr/Pois/Air  28%        N/A       10%         2
 Wereblood                Tmut           11%        N/A       13%         2
 Spider Form              Tmut/Pois      13%        N/A       21%         3
 Ozocubu's Armour         Ice            11%        N/A       26%         3
 Ozocubu's Refrigeration  Ice            5%         4d8       100%        7


Dungeon Overview and Level Annotations

Branches:
Dungeon (6/15)             Temple (1/1) D:4

Altars:
Cheibriados
Hepliaklqana
Nemelex Xobeh
Ru
Sif Muna
Trog
Vehumet
Wu Jian
Zin

Annotations:
D:4 2 runed translucent doors, gzilladon's ghost, novice GnFi


Message History

The orc priest hits you but does no damage.
The orc hits you with a +0 flail!
The orc wizard gestures at you while chanting.
The puff of flame hits you. The orc barely misses you.
The orc closely misses you.
Casting: Foxfire (safe; 2% risk of failure)
Confirm with . or Enter, or press ? or * to list all spells.
You conjure some foxfire!
The foxfire hits the orc.
The orc is heavily wounded.
The foxfire hits the orc wizard!
You kill the orc wizard!
Vehumet accepts your kill. The orc hits you but does no damage.
The orc priest hits you with a +0 club.
The orc hits you from afar with a +0 trident.
The orc closely misses you.
Casting: Foxfire (safe; 2% risk of failure)
Confirm with . or Enter, or press ? or * to list all spells.
You conjure some foxfire!
The foxfire hits the white imp but does no damage.
The foxfire hits the white imp.
The white imp is lightly wounded.
The white imp gestures at you. The puff of frost hits you.
The orc hits you with a +0 flail.
* * * LOW HITPOINT WARNING * * *
The orc hits you from afar with a +0 trident.
* * * LOW HITPOINT WARNING * * *
The foxfire hits the orc.
The orc is lightly wounded.
The orc priest hits you but does no damage.
Casting: Foxfire (safe; 2% risk of failure)
Confirm with . or Enter, or press ? or * to list all spells.
You are still too unstable to blink.
Unknown command.
The orc attacks as you move away! The orc closely misses you.
You feel stable enough to blink again.
The foxfire hits the orc.
The orc is severely wounded.
The white imp gestures at you. The puff of frost hits you!
You die...

#.....## #<##
#......#####))#
)(.###.###......##)#
#..........#......#
#####.............###
#####[.#........#
####.....5.oo.....#
#....##.....o.....#
......########@.o.....#
..... #........# ....
#......### ... #.....[#
.. #.....)# . #......#
########


You could see an orc priest, a white imp and 3 orcs.

Vanquished Creatures
  Menkaure (D:4)
  An orc warrior (D:6)
  3 black bears
  An ogre (D:5)
  A centaur (D:5)
  3 scorpions
  A howler monkey (D:5)
  A hound (D:4)
  3 orc priests
  A jelly (D:4)
  An iguana (D:5)
  4 orc wizards (D:6)
  4 adders
  3 shadow imps
  An ufetubus (D:5)
  15 orcs
  4 bats
  4 endoplasms
  3 giant cockroaches
  6 hobgoblins
  3 jackals (D:2)
  3 quokkas
  7 ball pythons
  4 frilled lizards
  7 goblins
  3 kobolds
  10 rats
98 creatures vanquished.

Vanquished Creatures (collateral kills)
  Sigmund (D:2)
1 creature vanquished.

Vanquished Creatures (others)
  7 foxfires (D:6)
7 creatures vanquished.

Grand Total: 106 creatures vanquished

Notes
Turn   | Place    | Note
-------+----------+-------------------------------------------
     0 | D:1      | pokeman the Deep Elf Hedge Wizard began the quest for the
                  | Orb.
     0 | D:1      | Reached XP level 1. HP: 10/10 MP: 7/7
   305 | D:1      | Reached XP level 2. HP: 15/15 MP: 4/9
   856 | D:2      | Reached skill level 5 in Spellcasting
   938 | D:2      | Reached XP level 3. HP: 20/20 MP: 7/11
   942 | D:2      | Learned a level 3 spell: Mephitic Cloud
   945 | D:2      | Learned a level 2 spell: Call Imp
   948 | D:2      | Learned a level 2 spell: Blink
  1147 | D:2      | Identified the +5 ring mail "Mupuac" {Dex+3}
  1292 | D:2      | Found a sparkling altar of Nemelex Xobeh.
  1333 | D:2      | Reached skill level 1 in Armour
  1450 | D:2      | Noticed Sigmund
  1664 | D:2      | Killed Sigmund
  1665 | D:2      | Reached skill level 1 in Fighting
  1665 | D:2      | Reached skill level 6 in Spellcasting
  1665 | D:2      | Reached XP level 4. HP: 26/26 MP: 8/14
  1665 | D:2      | Reached XP level 5. HP: 30/30 MP: 8/15
  2221 | D:3      | Found a snail-covered altar of Cheibriados.
  2481 | D:3      | Found a glowing silver altar of Zin.
  2526 | D:4      | Noticed Menkaure
  2651 | D:4      | Reached XP level 6. HP: 28/35 MP: 17/17
  2712 | D:4      | Reached skill level 1 in Air Magic
  2745 | D:4      | Killed Menkaure
  2746 | D:4      | Reached skill level 7 in Spellcasting
  2746 | D:4      | Reached skill level 1 in Poison Magic
  2746 | D:4      | Reached skill level 1 in Evocations
  2907 | D:4      | Found a large runed translucent door.
  2908 | D:4      | Found a large runed translucent door.
  2915 | D:4      | Noticed gzilladon's ghost (novice GnFi)
  3044 | D:4      | Found a staircase to the Ecumenical Temple.
  3056 | Temple   | Entered the Ecumenical Temple
  3090 | Temple   | Became a worshipper of Vehumet
  3131 | D:4      | Reached XP level 7. HP: 39/39 MP: 17/20
  3323 | D:4      | Found a transporter.
  3349 | D:4      | Found a transporter.
  4149 | D:5      | Entered Level 5 of the Dungeon
  4159 | D:5      | Reached skill level 8 in Spellcasting
  4702 | D:5      | Reached skill level 9 in Spellcasting
  4741 | D:5      | Found a sparkling altar of Nemelex Xobeh.
  4754 | D:5      | Reached XP level 8. HP: 34/44 MP: 20/23
  4896 | D:5      | Reached skill level 5 in Conjurations
  4904 | D:5      | Found an ornate altar of the Wu Jian Council.
  5075 | D:5      | Found a sacrificial altar of Ru.
  5090 | D:6      | Found a shimmering blue altar of Sif Muna.
  5234 | D:6      | Reached skill level 10 in Spellcasting
  5259 | D:6      | Reached * piety under Vehumet
  5259 | D:6      | Offered knowledge of Foxfire by Vehumet.
  5262 | D:6      | Learned a level 1 spell: Foxfire
  5278 | D:6      | Killed from afar by a white imp

Illustrated notes

Levels and vault maps discovered:
D:1:      dpeg_arrival_erosion, layout_basic
D:2:      layout_loops_cross, basic_altar, uniq_sigmund
D:3:      layout_rooms, zin_scriptorium, cheibriados_altar_1,
          guppyfry_early_orc_mine
D:4:      gammafunk_wand_slinger, layout_basic, minmay_temple_entry_hall,
          ebering_ghost_disaster_area, uniq_menkaure
D:5:      layout_cave_pools, nicolae_ru_path_of_blood,
          nemelex_diamond_rough_becter, marbit_many_paths
D:6:      layout_rooms, mainiacjoe_overflow_cross_hatched,
          nicolae_overflow_squiral
Temple:   nicolae_temple_superstar

Skill      XL: |  1  2  3  4  5  6  7  8 |
---------------+-------------------------+-----
Spellcasting   | 5 6 7 9 10 | 10.3
Armour         | 1 2 3 |  3.0
Fighting       | 1 2 |  2.1
Dodging        | 3 |  3.3
Conjurations   | 2 3 4 5 |  5.5
Stealth        | 3 |  3.0
Air Magic      | 1 |  1.0
Poison Magic   | 1 |  1.0
Evocations     | 1 |  1.0
Summonings     | |  1.1
Translocations | |  1.1

Action                   |  1- 3 |  4- 6 |  7- 9 || total
-------------------------+-------+-------+-------++-------
Melee: Dagger            |     3 |       |       ||     3
       Halberd           |       |    18 |    33 ||    51
 Cast: Magic Dart        |    78 |    70 |   116 ||   264
       Mephitic Cloud    |     3 |     2 |    19 ||    24
       Call Imp          |     2 |     1 |       ||     3
       Blink             |       |       |     2 ||     2
       Foxfire           |       |       |     4 ||     4
 Stab: Confused          |     1 |     2 |     5 ||     8
       Sleeping          |       |     1 |       ||     1
Armor: Robe              |     2 |     2 |    11 ||    15
       Leather armour    |       |       |    32 ||    32
Dodge: Dodged            |    10 |    20 |    63 ||    93

Table legend: (Time is in decaauts)
 A = Elapsed time spent in this place.
 B = Non-inter-level travel time spent in this place.
 C = Inter-level travel time spent in this place.
 D = Time resting spent in this place.
 E = Time spent auto-exploring this place.
 F = Levels seen in this place.
 G = Mean time per level.
                   A        B        C        D        E       F      G
               +--------+--------+--------+--------+--------+-----+--------+
         Total |   5305 |   5061 |    244 |    403 |   3854 |   7 |  757.9 |
       Dungeon |   5245 |   5025 |    220 |    403 |   3829 |   6 |  874.2 |
        Temple |     59 |     35 |     24 |      0 |     25 |   1 |   59.0 |
               +--------+--------+--------+--------+--------+-----+--------+

Top non-repeatable levels by time:
     D:4: 1789 daAuts
     D:2: 1132 daAuts
     D:1: 849 daAuts
     D:5: 766 daAuts
     D:3: 594 daAuts
     D:6: 113 daAuts
  Temple: 59 daAuts
